 Dungeon Sprint DCSS version 0.27-a0-216-g1fbed8a51c (webtiles) character file.

Game seed: 14466381691586684057

1533 mhtbhm the Fighter (level 9, 0/82 HPs)
             Began as a Human Berserker on Feb 1, 2021.
             Was a Priest of Trog.
             Slain by a kobold demonologist
             ... wielding a +0 dagger
              (1 damage)
             ... in the Dungeon (Sprint I: "Red Sonja").
             The game lasted 00:02:21 (1667 turns).

mhtbhm the Fighter (Human Berserker)                Turns: 1667, Time: 00:02:21

Health: 0/82       AC:  6    Str: 20    XL:     9   Next: 10%
Magic:  9/9        EV: 16    Int:  8    God:    Trog [***...]
Gold:   559        SH:  0    Dex: 16    Spells: 8/8 levels left

rFire    . . .     SeeInvis .   a - +0 mace
rCold    . . .     Faith    .   (no shield)
rNeg     . . .     Spirit   .   b - +0 leather armour
rPois    .         Reflect  .   (no helmet)
rElec    .         Harm     .   (no cloak)
rCorr    .         Rampage  +   l - +0 pair of gloves {Dex+3}
Will     .....     NoTele   +   m - +0 pair of boots {rampage}
Stlth    ++........             (no amulet)
HPRegen  0.23/turn              (no ring)
MPRegen  0.11/turn              (no ring)

@: berserk cooldown, slowed, very slow
A: no striking features
a: Renounce Religion, Berserk, Trog's Hand


You were in the Dungeon.
You worshipped Trog.
Trog was most pleased with you.
You visited 1 branch You collected 846 gold pieces.
You spent 287 gold pieces at shops.

Inventory:

Hand Weapons
 a - a +0 mace (weapon)
Armour
 b - a +0 leather armour (worn)
 l - a +0 pair of gloves of dexterity (worn)
 m - a +0 pair of boots of rampaging (worn)
Wands
 e - a wand of polymorph (11)
 i - a wand of random effects (8)
 n - a wand of acid (6)
Scrolls
 h - a scroll of blinking
 k - a scroll of remove curse {unknown}
 o - a scroll of amnesia {unknown}
Potions
 c - 3 potions of curing
 d - a potion of heal wounds
 f - 2 potions of magic
 g - a potion of berserk rage
 j - 2 potions of lignification {unknown}


   Skills:
 + Level 12.1 Fighting
 + Level 11.6 Maces & Flails
 + Level 6.6 Armour
 + Level 7.1 Dodging
 + Level 2.9 Stealth
 + Level 2.1 Evocations


You had 8 spell levels left.
You didn't know any spells.
Your spell library was empty.

Dungeon Overview and Level Annotations

Branches:
Dungeon (1/1)

Altars:
Cheibriados
Dithmenos
Elyvilon
Fedhas
Gozag
Hepliaklqana
Kikubaaqudgha
Makhleb
Nemelex Xobeh
Okawaru
Qazlal
Ru
Sif Muna
Trog
Uskayaw
Vehumet
Wu Jian
Xom
Yredelemnul
Zin
The Shining One
Jiyva
Lugonu

Shops:
D ?[[

Annotations:
D Sonja


Message History

The ufetubus completely misses you. The white imp misses you.
The red devil hits you with a +2 vorpal trident.
* * * LOW HITPOINT WARNING * * *
x2 The kobold demonologist hits you with a +0 dagger.
* * * LOW HITPOINT WARNING * * *
The white imp gestures at you. The puff of frost misses you.
The white imp closely misses you.
Unknown command.
Evoke which item? (* to show all) (? for menu, Esc to quit)
Aiming: Corrosive Bolt
Press: ? - help, Shift-Dir - straight line, f/p - kobold demonologist
Aim: a kobold demonologist, wielding a +0 dagger and wearing a +0 robe (heavily wounded, 40% to evade)
The bolt of acid hits the kobold demonologist!
The kobold demonologist is splashed with acid.
The acid corrodes the kobold demonologist!
The kobold demonologist is almost dead.
The red devil hits you with a +2 vorpal trident!!
* * * LOW HITPOINT WARNING * * *
x2 The kobold demonologist hits you with a +0 dagger.
You die...

####################
)..#..'..#__#..55K.#
#..').#..'^.'..#@3.#
##'#####'#__####45.+
#..#...#.#### #####
####..##.#
___##'#_.+
∩...'..._#
.__##_.#'##+###
___###'#(#...)###
######.####'###.##


You could see a kobold demonologist (corroded), a ynoxinul (summoned), a red
devil (summoned), 2 white imps and an ufetubus (summoned).

Vanquished Creatures
  A deep troll (D)
  A kobold demonologist (D)
  A slime creature (D)
  Sigmund (D)
  A yak (D)
  A floating eye (D)
  An ogre (D)
  A jelly (D)
  Ijyb (D)
  A ballistomycete spore (D)
10 creatures vanquished.

Vanquished Creatures (others)
  A gargoyle (D)
  A ballistomycete spore (D)
2 creatures vanquished.

Grand Total: 12 creatures vanquished

Notes
Turn   | Place    | Note
-------+----------+-------------------------------------------
     0 | D        | mhtbhm the Human Berserker began the quest for the Orb.
     0 | D        | Reached XP level 1. HP: 18/18 MP: 1/1
     1 | D        | Noticed Ijyb
     6 | D        | Killed Ijyb
     7 | D        | Reached skill level 4 in Fighting
     7 | D        | Reached XP level 2. HP: 26/26 MP: 2/2
     7 | D        | Reached XP level 3. HP: 31/31 MP: 3/3
    61 | D        | Noticed an ogre
    67 | D        | Killed an ogre
    68 | D        | Reached skill level 6 in Fighting
    68 | D        | Reached XP level 4. HP: 36/41 MP: 4/4
    68 | D        | Reached XP level 5. HP: 41/47 MP: 5/5
   184 | D        | Noticed Sigmund
   191 | D        | Killed Sigmund
   191 | D        | Reached ** piety under Trog
   192 | D        | Reached skill level 8 in Fighting
   192 | D        | Reached XP level 6. HP: 57/57 MP: 6/6
   248 | D        | Found an ornate altar of the Wu Jian Council.
   248 | D        | Found a shimmering blue altar of Sif Muna.
   250 | D        | Found a radiant altar of Vehumet.
   436 | D        | Found a burning altar of Makhleb.
   436 | D        | Found a viscous altar of Jiyva.
   436 | D        | Found a shimmering altar of Xom.
   436 | D        | Found a corrupted altar of Lugonu.
   436 | D        | Noticed a slime creature
   447 | D        | Killed a slime creature
   448 | D        | Reached skill level 10 in Fighting
   448 | D        | Reached skill level 5 in Armour
   448 | D        | Reached skill level 5 in Dodging
   448 | D        | Reached XP level 7. HP: 40/66 MP: 7/7
   640 | D        | Killed a gargoyle
   671 | D        | Found Rogrihi's Armour Emporium.
   671 | D        | Found an ancient bone altar of Kikubaaqudgha.
   671 | D        | Found a hazy altar of Hepliaklqana.
   671 | D        | Found a stormy altar of Qazlal.
   671 | D        | Found a hide-covered altar of Uskayaw.
   671 | D        | Found a blossoming altar of Fedhas.
   671 | D        | Found a bloodstained altar of Trog.
   671 | D        | Found an iron altar of Okawaru.
   671 | D        | Found a basalt altar of Yredelemnul.
   671 | D        | Found a glowing golden altar of the Shining One.
   671 | D        | Found a snail-covered altar of Cheibriados.
   671 | D        | Found a sacrificial altar of Ru.
   671 | D        | Found a glowing silver altar of Zin.
   671 | D        | Found a shadowy altar of Dithmenos.
   671 | D        | Found a white marble altar of Elyvilon.
   671 | D        | Noticed a yak
   678 | D        | Killed a yak
   679 | D        | Reached skill level 10 in Maces & Flails
   679 | D        | Found an opulent altar of Gozag.
   680 | D        | Found a sparkling altar of Nemelex Xobeh.
   686 | D        | Bought a +0 pair of gloves of dexterity for 161 gold pieces
   866 | D        | Noticed Sonja
   870 | D        | Paralysed by Sonja for 4 turns
   887 | D        | Paralysed by something for 4 turns
  1151 | D        | Found Yjef's Magic Scroll Boutique.
  1171 | D        | Noticed a deep troll
  1185 | D        | Killed a deep troll
  1185 | D        | Reached *** piety under Trog
  1186 | D        | Reached skill level 11 in Fighting
  1186 | D        | Reached skill level 1 in Stealth
  1186 | D        | Reached skill level 1 in Evocations
  1186 | D        | Reached XP level 8. HP: 10/75 MP: 8/8
  1198 | D        | Found Cecaonu's Armour Emporium.
  1218 | D        | Bought a +0 pair of boots of rampaging for 126 gold pieces
  1648 | D        | Noticed a kobold demonologist
  1648 | D        | Noticed a kobold demonologist
  1659 | D        | Noticed an orange demon
  1659 | D        | Noticed a red devil
  1660 | D        | Killed a kobold demonologist
  1661 | D        | Reached skill level 12 in Fighting
  1661 | D        | Reached XP level 9. HP: 82/82 MP: 9/9
  1667 | D        | HP: 2/82 [red devil/+2 vorpal trident[a kobold
                  | demonologist] (18)]
  1667 | D        | Slain by a kobold demonologist

Illustrated notes

Levels and vault maps discovered:
D:        dungeon_sprint_1 [red_sonja_temple_1, red_sonja_temple_small_1]

Skill      XL: |  1  2  3  4  5  6  7  8 |
---------------+-------------------------+-----
Fighting       | 4 6 8 10 11 12 | 12.1
Maces & Flails | 4 6 8 9 11 | 11.6
Armour         | 3 4 5 6 |  6.6
Dodging        | 3 4 5 6 7 |  7.1
Stealth        | 1 2 |  2.9
Evocations     | 1 2 |  2.1

Action                   |  1- 3 |  4- 6 |  7- 9 || total
-------------------------+-------+-------+-------++-------
Melee: Mace              |     8 |    20 |    40 ||    68
Invok: Berserk           |     2 |     3 |     4 ||     9
Evoke: Wand              |       |       |     8 ||     8
  Use: Potion            |       |       |     1 ||     1
 Stab: Confused          |       |       |     1 ||     1
       Sleeping          |       |       |     1 ||     1
Armor: Leather armour    |       |       |    12 ||    12
Dodge: Dodged            |     1 |     4 |    34 ||    39

Table legend: (Time is in decaauts)
 A = Elapsed time spent in this place.
 B = Non-inter-level travel time spent in this place.
 C = Inter-level travel time spent in this place.
 D = Time resting spent in this place.
 E = Time spent auto-exploring this place.
 F = Levels seen in this place.
 G = Mean time per level.
                   A        B        C        D        E       F      G
               +--------+--------+--------+--------+--------+-----+--------+
         Total |   1727 |   1727 |      0 |   1353 |      1 |   1 | 1727.0 |
       Dungeon |   1727 |   1727 |      0 |   1353 |      1 |   1 | 1727.0 |
               +--------+--------+--------+--------+--------+-----+--------+

Top non-repeatable levels by time:
       D: 1727 daAuts
